 Dungeon Crawl Stone Soup version 0.28.0-53-g5a82cb258f (webtiles) character file.

Game seed: 9142072709028486944

304 Kranky the Skirmisher (level 6, 0/45 HPs)
             Began as an Octopode Fighter on June 20, 2022.
             Slain by a water moccasin (5 damage)
             ... on level 5 of the Dungeon.
             The game lasted 00:07:32 (2417 turns).

Kranky the Skirmisher (Octopode Fighter)            Turns: 2417, Time: 00:07:33

Health: 0/45       AC:  1    Str: 15    XL:     6   Next: 38%
Magic:  6/6        EV: 14    Int: 11    God:
Gold:   84         SH:  5    Dex: 13    Spells: 5/5 levels left

rFire   . . .      SeeInvis .   a - +0 flail
rCold   . . .      Faith    .   b - +0 buckler
rNeg    . . .      Spirit   .   (helmet restricted)
rPois   .          Reflect  .   (no amulet)
rElec   .          Harm     .   (no ring)
rCorr   .          Rampage  .   (no ring)
Will    .....                   (no ring)
Stlth   +++.......              (no ring)
HPRegen 0.15/turn               (no ring)
MPRegen 0.10/turn               (no ring)
                                (no ring)
                                (no ring)

@: lethally poisoned (0 -> -8)
A: almost no armour, amphibious, 8 rings, camouflage 1, gelatinous body 1,
(nimble swimmer 1), tentacles
a: no special abilities


You were on level 5 of the Dungeon.
You visited 1 branch of the dungeon, and saw 4 of its levels.
You also visited: Sewer.

You collected 84 gold pieces.

Inventory:

Hand Weapons
 a - a +0 flail (weapon)
Missiles
 h - 16 poisoned darts (quivered)
Armour
 b - a +0 buckler (worn)
Scrolls
 e - 2 scrolls of teleportation
 g - a scroll of torment {unknown}
 i - a scroll of immolation {unknown}
 k - a scroll of enchant armour {unknown}
 m - a scroll of amnesia {unknown}
 n - a scroll of enchant weapon {unknown}
Potions
 c - 2 potions of might
 d - a potion of haste
 f - a potion of flight {unknown}
 j - a potion of mutation {unknown}
 l - a potion of cancellation {unknown}
 o - a potion of ambrosia {unknown}
 p - 2 potions of magic
 q - a potion of degeneration {unknown}


   Skills:
 + Level 5.2 Fighting
 - Level 2.0 Maces & Flails
 + Level 4.2 Dodging
 - Level 3.0 Stealth
 + Level 3.9 Shields


You had 5 spell levels left.
You didn't know any spells.
Your spell library contained the following spells:

 Spells                   Type           Power      Damage    Failure   Level
 Apportation              Tloc           0%         N/A       41%         1
 Alistair's Intoxication  Tmut/Pois      0%         N/A       100%        5


Dungeon Overview and Level Annotations

Branches:
Dungeon (3/15)              Sewer (visited)

Altars:

Shops:
D:3 *


Innate Abilities, Weirdness & Mutations

You cannot wear most types of armour.
You are amphibious.
You can wear up to eight rings at the same time.
Your skin changes colour to match your surroundings (Stealth+).
Your rubbery body absorbs attacks. (AC +1, EV +1)
((You are camouflaged when in or above water. (Stealth+)))
You have tentacles for arms and can constrict up to eight enemies at once.


Message History

As you read the scroll of teleportation, it crumbles to dust.
You feel strangely unstable. The water moccasin bites you!
Your surroundings suddenly seem different.
A water moccasin comes into view.
Found 18 sling bullets.
The water moccasin hisses angrily.
The water moccasin bites you.
You are poisoned.
The water moccasin poisons you! The water moccasin bites you.
You are more poisoned.
The water moccasin poisons you!
You barely miss the water moccasin. Your grab misses the water moccasin.
Your squeeze misses the water moccasin.
You feel extremely sick. You block the water moccasin's attack.
A centaur zombie comes into view.
You miss the water moccasin. Your grab misses the water moccasin.
You squeeze the water moccasin.
The water moccasin is lightly wounded.
You feel very sick. The water moccasin bites you.
The water moccasin completely misses you.
You hit the water moccasin but do no damage.
You grab the water moccasin.
You squeeze the water moccasin, but do no damage.
The water moccasin is lightly wounded.
You constrict the water moccasin.
* * * LOW HITPOINT WARNING * * *
You feel very sick. The water moccasin bites you.
* * * LOW HITPOINT WARNING * * *
The water moccasin closely misses you.
You thump the water moccasin!
The water moccasin is heavily wounded.
You constrict the water moccasin.
* * * LOW HITPOINT WARNING * * *
You feel very sick. The water moccasin barely misses you.
The water moccasin bites you.
You die...

#.##...S.....
#.##.#.######
#.##.#.# ##
###.##.#.# #.
.##.##.#.. #^
#.##.##.#.. #.#
#.#....[...#...
.....#.#..##.####...
.......@S..#..
(.#.##..#..##. .....
..#.# #.#..... ....
.. Z...##. #.# ..
.##### .. . . #. ##
#


You could see a water moccasin and a centaur zombie.

Vanquished Creatures
  2 kobold brigands (Sewer)
  Natasha (twice) (D:3)
  2 river rats (Sewer)
  4 adders
  A worm (Sewer)
  An orc (D:3)
  4 endoplasms
  6 giant cockroaches
  4 goblins
  7 hobgoblins
  A quokka (D:1)
  2 ball pythons (Sewer)
  7 bats
  2 frilled lizards (D:3)
  12 kobolds
  5 rats
62 creatures vanquished.

Notes
Turn   | Place    | Note
-------+----------+-------------------------------------------
     0 | D:1      | Kranky the Octopode Fighter began the quest for the Orb.
     0 | D:1      | Reached XP level 1. HP: 16/16 MP: 1/1
    69 | D:1      | Reached skill level 1 in Stealth
   127 | D:1      | Reached XP level 2. HP: 21/21 MP: 2/2
   587 | D:1      | Found a faded altar of an unknown god.
   991 | D:2      | Reached XP level 3. HP: 23/26 MP: 3/3
  1192 | D:3      | Found Henu's Assorted Antiques.
  1314 | D:3      | Noticed Natasha
  1318 | D:3      | Killed Natasha
  1319 | D:3      | Reached skill level 4 in Fighting
  1319 | D:3      | Reached XP level 4. HP: 31/33 MP: 4/4
  1349 | D:3      | Found a glowing drain.
  1369 | D:3      | Noticed Natasha
  1377 | D:3      | Killed Natasha
  1452 | Sewer    | Entered a sewer
  1468 | Sewer    | Reached XP level 5. HP: 7/38 MP: 5/5
  1739 | Sewer    | Noticed a kobold brigand
  1750 | Sewer    | Killed a kobold brigand
  1972 | Sewer    | Noticed a kobold brigand
  1982 | Sewer    | Killed a kobold brigand
  1983 | Sewer    | Reached skill level 5 in Fighting
  1983 | Sewer    | Reached XP level 6. HP: 44/45 MP: 6/6
  2332 | D:3      | You fall into a shaft and drop 2 floors!
  2332 | D:5      | Entered Level 5 of the Dungeon
  2332 | D:5      | Noticed a water moccasin
  2413 | D:5      | Noticed a water moccasin
  2417 | D:5      | Slain by a water moccasin

Illustrated notes

Levels and vault maps discovered:
D:1:      matt_arrival_los_fun, layout_loops_ring,
          shapermc_ecumenical_altar_mp_urbaneastern, hangedman_decor_peaks_small
D:2:      layout_rooms
D:3:      layout_basic, serial_shops, nicolae_shop_statue_plus,
          gup_sewer_entry_glass, st_stairs_14, uniq_natasha
D:5:      layout_basic, mainiacjoe_overflow_big_doors,
          minmay_temple_entry_trees, uniq_blork_the_orc

Skill      XL: |  1  2  3  4  5 |
---------------+----------------+-----
Stealth        | 1 2 3 |  3.0
Fighting       | 4 5 |  5.2
Dodging        | 4 |  4.2
Maces & Flails | |  2.0
Shields        | |  3.9

Action                   |  1- 3 |  4- 6 || total
-------------------------+-------+-------++-------
Melee: Flail             |    69 |    68 ||   137
       Constrict         |    19 |    12 ||    31
       Tentacles         |     8 |    13 ||    21
Throw: Dart              |       |     2 ||     2
  Use: Scroll            |     1 |     3 ||     4
 Stab: Sleeping          |     9 |     2 ||    11
Armor: Skin              |     6 |     3 ||     9
Dodge: Dodged            |    48 |    30 ||    78
Block: Buckler           |    14 |    12 ||    26
